AoeStats
← SoC

Black Forest

503152160Analyzed
3v3 RM · 11d ago on Aug 30, 2026· 71m 49s· 6 players
Game mode
Random Map
Map size
Normal (6 player)
Population
200
Speed
Normal
Resources
Standard
Victory
Conquest
Starting age
Dark Age
Ending age
Imperial Age
RankedLock teamsTeams togetherTeam positionsShared explorationLock speedFull tech treeHidden civsTurbo modeCheats
Victory
Defeat
🇸🇪 Khmer · Sweden
720
+14
🇦🇷 Franks · Argentina
714
+15
🇮🇳 Persians · India
703
+15
🇨🇳 Franks · China
692
-15
🇨🇳 Britons · China
691
-15
🇨🇳 Mongols · China
671
-14
李世民
11:03 Feudal Age
13:24 Double-Bit Axe
16:06 Castle Age
17:41 Horse Collar
28:18 Bow Saw
28:10 Heavy Plow
31:42 Imperial Age
29:51 Gold Mining
29:51 Stone Mining
30:37 Forging
30:27 Scale Mail Armor
30:32 Scale Barding Armor
30:46 Loom
31:36 Wheelbarrow
30:46 Town Watch
32:07 Caravan
32:59 Conscription
33:25 Gold Shaft Mining
33:28 Stone Shaft Mining
33:28 Capped Ram
33:29 Onager
35:22 Chemistry
34:42 Ballistics
34:28 Siege Engineers
34:31 Fletching
34:41 Padded Archer Armor
36:00 Hoardings
35:45 Drill
35:29 Siege Ram
36:23 Bodkin Arrow
36:43 Leather Archer Armor
37:08 Hand Cart
36:53 Town Patrol
37:47 Drill
37:58 Masonry
37:43 Siege Onager
39:54 Husbandry
40:04 Bloodlines
40:22 Parthian Tactics
40:03 Thumb Ring
40:58 Nomads
40:50 Light Cavalry
42:37 Iron Casting
42:17 Chain Mail Armor
42:22 Chain Barding Armor
42:03 Bracer
43:37 Hussar
44:07 Elite Mangudai
45:57 Blast Furnace
45:28 Plate Mail Armor
45:27 Murder Holes
45:43 Fortified Wall
47:29 Heavy Camel Rider
50:26 Pikeman
51:06 Squires
69:45 Guard Tower
可苦可乐
0:32 Loom
12:35 Feudal Age
16:30 Double-Bit Axe
23:01 Castle Age
22:34 Horse Collar
22:52 Gold Mining
22:53 Stone Mining
24:06 Wheelbarrow
24:13 Pikeman
24:55 Squires
24:41 Gambesons
28:17 Masonry
31:05 Heavy Plow
32:08 Crossbowman
34:50 Fortified Wall
35:02 Ballistics
37:56 Imperial Age
37:30 Yeomen
37:22 Padded Archer Armor
37:13 Fletching
37:23 Scale Mail Armor
37:44 Bow Saw
38:21 Gold Shaft Mining
38:50 Leather Archer Armor
38:31 Bodkin Arrow
38:36 Murder Holes
39:58 Caravan
39:38 Elite Longbowman
40:56 Hoardings
40:42 Conscription
41:30 Chemistry
42:00 Warwolf
41:22 Arbalester
44:00 Halberdier
44:57 Siege Engineers
48:11 Ring Archer Armor
47:41 Bracer
47:58 Chain Mail Armor
54:51 Architecture
54:56 Plate Mail Armor
70:36 Onager
SoC
7:53 Loom
11:37 Feudal Age
12:08 Double-Bit Axe
16:12 Wheelbarrow
22:01 Castle Age
20:18 Gold Mining
20:43 Stone Mining
23:08 Bow Saw
31:22 Hand Cart
35:35 Imperial Age
32:54 Town Watch
34:34 Gold Shaft Mining
34:36 Fortified Wall
34:40 Forging
35:20 Town Patrol
35:29 Fletching
36:37 Siege Engineers
37:55 Conscription
37:37 Chivalry
38:39 Iron Casting
38:10 Scale Barding Armor
39:09 Chemistry
38:12 Town Patrol
39:16 Husbandry
39:34 Cavalier
40:55 Chain Barding Armor
41:43 Scale Mail Armor
46:27 Blast Furnace
46:21 Paladin
AmBa /
0:31 Loom
14:36 Feudal Age
15:26 Double-Bit Axe
19:09 Horse Collar
21:50 Castle Age
20:22 Stone Mining
24:29 Heavy Plow
25:41 Stone Shaft Mining
25:24 Bow Saw
26:13 Wheelbarrow
26:31 Town Watch
27:16 Town Patrol
30:18 Hand Cart
30:28 Hand Cart
30:16 Gold Mining
34:22 Imperial Age
32:39 Gold Shaft Mining
32:22 Caravan
32:37 Fortified Wall
32:26 Heated Shot
34:21 Light Cavalry
35:14 Bloodlines
36:10 Hussar
36:40 Elite Ballista Elephant
39:30 Chemistry
40:35 Cavalier
41:19 Husbandry
40:42 Elite Battle Elephant
42:09 Crop Rotation
42:57 Ballistics
48:44 Heavy Scorpion
68:11 Onager
Aldomagno
7:50 Loom
12:16 Feudal Age
13:49 Double-Bit Axe
14:30 Gold Mining
15:44 Man-at-Arms
16:43 Stone Mining
17:36 Wheelbarrow
17:58 Wheelbarrow
20:14 Castle Age
19:56 Forging
24:55 Husbandry
25:04 Scale Barding Armor
26:55 Wheelbarrow
28:07 Long Swordsman
28:34 Gambesons
29:10 Caravan
29:55 Scale Mail Armor
30:34 Iron Casting
30:25 Squires
34:37 Imperial Age
32:56 Hand Cart
34:15 Bow Saw
34:41 Cavalier
36:58 Blast Furnace
36:44 Chain Barding Armor
36:01 Capped Ram
37:49 Conscription
37:40 Elite Throwing Axeman
38:44 Onager
40:19 Gold Shaft Mining
39:58 Pikeman
41:20 Paladin
43:27 Bearded Axe
45:11 Plate Barding Armor
59:09 Light Cavalry
Infernes
0:29 Loom
13:28 Feudal Age
14:13 Double-Bit Axe
21:47 Castle Age
20:44 Stone Mining
25:59 Bow Saw
28:14 Gold Mining
33:26 Imperial Age
30:43 Town Watch
31:33 Wheelbarrow
32:38 Gold Shaft Mining
32:09 Scale Mail Armor
32:15 Scale Barding Armor
32:20 Forging
32:25 Murder Holes
34:51 Chain Mail Armor
35:49 Chemistry
34:57 Cavalier
35:39 Husbandry
35:34 Horse Collar
35:58 Town Patrol
36:14 Hand Cart
37:23 Two-Man Saw
37:32 Chain Barding Armor
37:42 Plate Mail Armor
37:38 Bloodlines
38:24 Heavy Plow
39:02 Plate Barding Armor
38:24 Arson
38:01 Pikeman
40:40 Plate Mail Armor
40:34 Ballistics
40:54 Caravan
41:33 Squires
41:19 Gambesons
42:12 Iron Casting
48:15 Savar
50:58 Blast Furnace
56:58 Halberdier
Connection lost

Rejoining the realm…

Still unreachable

The connection could not be restored.

Session expired

The server has moved on; the page needs a fresh start.